 Dungeon Crawl Stone Soup version 0.20-a0-494-gf50ee04 (webtiles) character file.

103 M4edhros the Sneak (level 4, -1/28 HPs)
             Began as an Octopode Artificer on Jan 17, 2017.
             Slain by a gnoll
             ... wielding a +0 spear
              (5 damage)
             ... on level 3 of the Dungeon.
             The game lasted 00:01:00 (1092 turns).

M4edhros the Sneak (Octopode Artificer)             Turns: 1092, Time: 00:01:01

Health: -1/28      AC:  1    Str: 11    XL:     4   Next: 79%
Magic:  6/6        EV: 13    Int: 13    God:
Gold:   59         SH:  0    Dex: 13    Spells: 3/3 levels left

rFire    . . .     SeeInvis .   m - +1 dagger (venom)
rCold    . . .     Gourm    .   (no shield)
rNeg     . . .     Faith    .   (helmet restricted)
rPois    .         Spirit   .   (no amulet)
rElec    .         Reflect  .   (no ring)
rCorr    .         Harm     .   (no ring)
MR       .....                  (no ring)
Stlth    ++++......             (no ring)
Regen    0.1/turn               (no ring)
                                (no ring)
                                (no ring)
                                (no ring)

@: no status effects
A: almost no armour, stealthy swim, amphibious, 8 rings, constrict 8, camouflage
1, gelatinous body 1
a: no special abilities


You were on level 3 of the Dungeon.
You were hungry.

You visited 1 branch of the dungeon, and saw 4 of its levels.

You collected 59 gold pieces.

Inventory:

Hand Weapons
 a - a +0 short sword
 k - a +0 hunting sling
 m - a +1 dagger of venom (weapon)
Missiles
 j - 26 stones (quivered)
Wands
 b - a wand of flame (0/48)
 c - a wand of enslavement (14/24)
 d - a wand of random effects (15/48)
Scrolls
 e - a scroll of enchant weapon {unknown}
 g - a scroll of remove curse {unknown}
 n - a scroll of enchant armour {unknown}
 o - a scroll of amnesia {unknown}
Potions
 h - a potion of lignification {unknown}
 i - a potion of degeneration {unknown}
Comestibles
 f - a bread ration
 l - a beef jerky


   Skills:
 - Level 1.0 Fighting
 - Level 1.0 Short Blades
 * Level 2.1 Slings
 - Level 2.0 Dodging
 + Level 5.3 Stealth
 - Level 3.2 Evocations


You had 3 spell levels left.
You didn't know any spells.

Dungeon Overview and Level Annotations

Branches:
Dungeon (4/15)
 Temple: D:4-7

Altars:

Annotations:
D:4 Mulkerokala's ghost, novice OgHu


Innate Abilities, Weirdness & Mutations

You cannot wear most types of armour.
You are very stealthy in the water. (Stealth+)
You are amphibious.
You can wear up to eight rings at the same time.
You can use your tentacles to constrict eight enemies at once.
Your skin changes colour to match your surroundings (Stealth+).
Your rubbery body absorbs attacks. (AC +1, EV +1)


Message History

This wand has 2 charges left.
Evoke which item? (* to show all) (? for menu, Esc to quit)
Aiming: Throw Flame
Press: ? - help, Shift-Dir - straight line, f/p - gnoll
Aim: a gnoll, wielding a spear (moderately wounded)
The puff of flame misses the gnoll.
This wand has 1 charge left.
Evoke which item? (* to show all) (? for menu, Esc to quit)
Aiming: Throw Flame
Press: ? - help, Shift-Dir - straight line, f/p - gnoll
Aim: a gnoll, wielding a spear (moderately wounded)
The puff of flame hits the gnoll.
The gnoll is severely wounded.
This wand has 0 charges left.
Evoke which item? (* to show all) (? for menu, Esc to quit)
Aiming: Enslavement
Press: ? - help, Shift-Dir - straight line, f/p - gnoll
Aim: a gnoll, wielding a spear (severely wounded, chance to defeat MR: 64%)
The gnoll struggles to resist.
This wand has 14 charges left.
The gnoll hits you from afar with a spear.
You die...

.... ##>.. ...#
#..############
#..##.........# ##
#..##.........####.
#####.g..............#.
#......................
##.....@...........##.#.
......)............##.#.
...#..)...###########.#.
.. #......# #.#. .
#......# #.## ###+####
#.. ##


You could see a gnoll.

Vanquished Creatures
  3 gnolls (D:3)
  5 adders
  A worm (D:2)
  An orc (D:3)
  A bat (D:2)
  2 giant cockroaches
  A goblin (D:1)
  4 hobgoblins
  3 jackals (D:4)
  3 frilled lizards
  A kobold (D:2)
  3 rats
28 creatures vanquished.

Notes
Turn   | Place    | Note
-------+----------+-------------------------------------------
     0 | D:1      | M4edhros the Octopode Artificer began the quest for the Orb.
     0 | D:1      | Reached XP level 1. HP: 13/13 MP: 3/3
    99 | D:1      | Reached skill level 2 in Stealth
   246 | D:2      | Reached skill level 3 in Stealth
   246 | D:2      | Reached XP level 2. HP: 12/18 MP: 4/4
   376 | D:2      | Reached skill level 4 in Stealth
   376 | D:2      | Reached XP level 3. HP: 10/23 MP: 5/5
   967 | D:3      | Reached skill level 1 in Slings
   988 | D:4      | Reached skill level 5 in Stealth
   988 | D:4      | Reached XP level 4. HP: 28/28 MP: 6/6
   996 | D:4      | Noticed Mulkerokala's ghost (novice OgHu)
  1092 | D:3      | Slain by a gnoll

Vault maps used:
D:1:      evilmike_arrival_come_back
D:4:      uniq_menkaure

Skill      XL: |  1  2  3  4 |
---------------+-------------+-----
Stealth        | 3 4 5 |  5.3
Slings         | 1 2 |  2.1
Fighting       | |  1.0
Short Blades   | |  1.0
Dodging        | |  2.0
Evocations     | |  3.2

Action                   |  1- 3 |  4- 6 || total
-------------------------+-------+-------++-------
Melee: Short sword       |    36 |       ||    36
       Constrict         |     7 |     3 ||    10
       Tentacles         |     6 |     1 ||     7
       Dagger            |     9 |    12 ||    21
Evoke: Wand              |       |    16 ||    16
 Stab: Sleeping          |     8 |     1 ||     9
Armor: Skin              |       |     2 ||     2
Dodge: Dodged            |    16 |    11 ||    27
